qwe, lawful female human Valkyrie ---- ---- --- |..-------|..| -- ----.------- |....|.|.--..---- |. ---.|........---#-..............| --. -- ---...............-#.......*......| .... |. |.................................-- ..< |.- |...........(.........--....(.)....-- .. |.| |-.........^).........||......%.....--- # #@a # |.| |..........(....).....---...--.---....| # #-## . -...--%...)......*.....|....|--- --...| |..|* |.| |....--..........---.|.......| --...| |..| |.| --..|...|...|.#..| ----....--- |....-- ---..| |.|-- |..|.------|...-- ------ |...>.| |....| ---.|.-- --....| #--.- ---....-| |.--.| --......---....------ |.. --.......| | |.|---...................# --- |........-- |.||........--------.....| |.........| |.--%-----..| --..-- |......|..| |....#* ---- -- --...------ |..--- #* ----- ---- qwe the Fighter Experience level: 6 Strength: 12 Dexterity: 12 Constitution: 18 Intelligence: 9 Wisdom: 9 Charisma: 8 Health: 0(74) Energy: 12(12) Def: 6 Gold: 388 Moves: 2643 Dungeon seed: EYpI_y4_9pX1pEzO Game ID: qwe_1478693114 Your Inventory: Coins $ - 388 gold pieces Weapons a - a +1 long sword (weapon in hand) b - a blessed +0 dagger g - 6 blessed +0 crossbow bolts t - 12 +0 crossbow bolts u - 3 +0 daggers Armor e - an uncursed +3 small shield (being worn) n - a blessed +0 orcish helm (being worn) q - an uncursed +0 pair of leather gloves (being worn) Comestibles d - an uncursed tin of lichen Scrolls o - an uncursed scroll of identify Rings m - a cursed ring of teleportation Wands l - a wand of magic missile (0:5) Tools j - an uncursed towel p - 8 uncursed tallow candles (0:200) r - an uncursed mirror s - an uncursed brass lantern (0:1313) v - an uncursed magic whistle Spells and supernatural/magical abilities: Name Level Category Fail Memory U - detect unseen 3 divination 100% 88% W - pray for help -- divine ? -- Your skills at the end: Fighting Skills Weapon Skills dagger [Basic] long sword [Basic] Spellcasting Skills Final Attributes: You were piously aligned. You were cold resistant. You were poison resistant. You were stealthy. You are dead. Vanquished creatures: a giant spider an imp a rock mole a pony 4 gnome lords a black naga hatchling a guardian naga hatchling 2 orc zombies 6 dwarf zombies 3 killer bees a large kobold 2 giant rats a red mold 22 gnomes a gecko 3 jackals 2 goblins 6 grid bugs 5 lichens 5 newts 69 creatures vanquished. Voluntary challenges: You had been an atheist until turn 2544. You used a wielded weapon 78 times, starting on turn 23. You read items or engraved 9 times, starting on turn 105. You never genocided any monsters. You never polymorphed an object. You never changed form. You used no wishes. You never split a pudding. You never wrote Elbereth's name. You never violated your personal moral code. Dungeon overview: The Dungeons of Doom: levels 1 to 4 Level 1 a long staircase Level 2 an armor shop Level 3 Level 4 a general store, an altar to Loki stairs to The Gnomish Mines The Gnomish Mines: levels 5 to 7 Level 5 stairs to The Dungeons of Doom Level 6 Level 7 <- You were here History has recorded: On T:1 you entered the Dungeons of Doom to retrieve the Amulet of Yendor! On T:411 you reached level 2 of The Dungeons of Doom. On T:454 you advanced to experience level 2. On T:965 you reached level 3 of The Dungeons of Doom. On T:1258 you advanced to experience level 3. On T:1285 you reached level 4 of The Dungeons of Doom. On T:1740 you reached level 1 of The Gnomish Mines. On T:1761 you advanced to experience level 4. On T:2110 you advanced to experience level 5. On T:2297 you reached level 2 of The Gnomish Mines. On T:2390 you reached level 3 of The Gnomish Mines. On T:2516 you advanced to experience level 6. Score breakdown: Gold: 388 ( 8810 points) Experience: 6 levels (12456 points) Exploration: 7 levels ( 13.73%) (10392 points) Discoveries: 3 items ( 1.22%) ( 3312 points) Valuables value: (no points given unless you survive) Artifact value: 0 ( 0 points) Variety of kills: 20 monsters ( 5.25%) ( 6873 points) Turncount: 2643 turns ( -412 points) Survival: died (score multiplied by 80%) Total score: 33144 Latest messages: You see here 11 rocks. The fire ant misses. (2x) You hit the fire ant. The fire ant bites! (2x) You're on fire! The fire ant misses. The fire ant bites! You're on fire! You miss the fire ant. The fire ant bites! (2x) You're on fire! You see here 8 rocks. The fire ant bites! (2x) You're on fire! Your potion of healing boils and explodes! You begin praying to Tyr. The fire ant bites! (2x) You're on fire! Your spellbook of detect unseen catches fire and burns! Valkyrie, your life force is running out. You die... Final status: Farvel qwe the Valkyrie, killed by a fire ant, while praying... You died in The Gnomish Mines on dungeon level 7 with 33144 points, and 388 pieces of gold, after 2643 moves. You were level 6 with a maximum of 74 hit points when you died.